 Dungeon Crawl Stone Soup version 0.19.5 (webtiles) character file.

73540 equalderp2856 the Bewitcher (level 15, -3/73 HPs)
             Began as a Felid Fighter on Mar 16, 2017.
             Shot with an arrow by a deep elf master archer (9 damage)
             ... on level 3 of the Elven Halls.
             The game lasted 09:11:37 (115671 turns).

equalderp2856 the Bewitcher (Felid Fighter)       Turns: 115671, Time: 09:11:40

Health: -3/73      AC:  3    Str: 15    XL:     15   Next: 4%
Magic:  31/32      EV: 27    Int: 16    God:
Gold:   2534       SH:  4    Dex: 18    Spells: 9 memorised, 15 levels left
                                        Lives:  0   Deaths: 3

rFire  . . .     SeeInvis +       - Unarmed
rCold  + . .     Gourm    .     (armour unavailable)
rNeg   . . .     Faith    .     (shield unavailable)
rPois  +         Spirit   .     (helmet unavailable)
rElec  .         Reflect  +     (cloak unavailable)
rCorr  .         Harm     .     (gloves unavailable)
MR     ++...                    (boots unavailable)
Stlth  ++++++....               b - +4 amulet of reflection
                                O - ring "Zinuz" {+Fly rPois Str+2 Slay+6}
                                P - +3 ring of intelligence

@: confusing touch (expiring), quick
A: no armour, no weapons or thrown items, stealth, claws 1, fangs 3, see
invisible, carnivore 3, speed 1, shaggy fur 3, slow metabolism 1, sharp paws
a: Evoke Flight


You were on level 3 of the Elven Halls.
You were not hungry.

You visited 5 branches of the dungeon, and saw 27 of its levels.
You also visited: Labyrinth, Sewer, Bailey and Ice Cave.

You collected 2954 gold pieces.
You spent 420 gold pieces at shops.

Inventory:

Missiles
 R - 81 arrows
Jewellery
 b - a +4 amulet of reflection (around neck)
 l - the amulet of the Everdark {Faith MR+ Slay+4}
   (You found it on level 5 of the Dungeon)

   [amulet of faith]

   It allows you to gain divine favour quickly.
   It affects your accuracy and damage with ranged weapons and melee attacks
   (+4).
   It affects your resistance to hostile enchantments.
 y - an uncursed ring of protection from cold
 z - an uncursed ring of wizardry
 G - an uncursed amulet of rage
 H - an uncursed ring of flight
 I - an uncursed ring of protection from magic
 J - an uncursed ring of ice
 O - the ring "Zinuz" (right paw) {+Fly rPois Str+2 Slay+6}
   (You found it on level 6 of the Lair of Beasts)

   [ring of strength]

   It affects your strength (+2).
   It affects your accuracy and damage with ranged weapons and melee attacks
   (+6).
   It protects you from poison.
   It lets you fly.
 P - a +3 ring of intelligence (left paw)
Wands
 d - a wand of hasting (4/9)
 i - a wand of acid (8/15)
 k - a wand of paralysis (10/24)
 m - a wand of slowing (11/48)
 w - a wand of digging (11/24)
 M - a wand of teleportation (3/9)
 Q - a wand of flame (15/48)
 T - a wand of acid (6/15)
 Z - a wand of confusion (12/48)
Scrolls
 e - 5 scrolls of recharging
 q - 9 scrolls of identify
 v - 7 scrolls of remove curse
 x - 3 scrolls of teleportation
 A - a scroll of fear
 B - 5 scrolls of magic mapping
 C - 4 scrolls of fog
 N - a scroll of silence {unknown}
 U - a scroll of vulnerability {unknown}
 W - a scroll of amnesia
Potions
 a - 5 potions of might
 c - 5 potions of flight
 f - 2 potions of cancellation
 g - 2 potions of cure mutation
 h - a potion of invisibility
 p - 5 potions of agility
 t - a potion of berserk rage {unknown}
 D - 2 potions of magic
 F - 2 potions of haste
 V - 2 potions of brilliance {unknown}
Books
 r - a book of Maledictions

   Spells                             Type                      Level
   a - Corona                         Hexes                        1
   b - Ensorcelled Hibernation        Hexes/Ice                    2
   c - Confuse                        Hexes                        3
   d - Tukima's Dance                 Hexes                        3
   e - Dazzling Spray                 Conjuration/Hexes            3
 u - a book of Enchantments

   Spells                             Type                      Level
   a - Cause Fear                     Hexes                        4
   b - Yara's Violent Unravelling     Hexes/Transmutation          5
   c - Silence                        Hexes/Air                    5
   d - Deflect Missiles               Charms/Air                   6
   e - Discord                        Hexes                        8
 E - a book of Annihilations

   Spells                             Type                      Level
   a - Poison Arrow                   Conjuration/Poison           6
   b - Chain Lightning                Conjuration/Air              8
   c - Lehudib's Crystal Spear        Conjuration/Earth            8
   d - Glaciate                       Conjuration/Ice              9
   e - Fire Storm                     Conjuration/Fire             9
 K - a book of Summonings

   Spells                             Type                      Level
   a - Recall                         Summoning/Translocation      3
   b - Aura of Abjuration             Summoning                    5
   c - Summon Demon                   Summoning                    5
   d - Summon Forest                  Summoning/Translocation      5
   e - Summon Mana Viper              Hexes/Summoning              5
   f - Shadow Creatures               Summoning                    6
 L - a book of Frost

   Spells                             Type                      Level
   a - Freeze                         Ice                          1
   b - Throw Frost                    Conjuration/Ice              2
   c - Ozocubu's Armour               Charms/Ice                   3
   d - Throw Icicle                   Conjuration/Ice              4
   e - Summon Ice Beast               Ice/Summoning                4
 S - a book of Power

   Spells                             Type                      Level
   a - Fulminant Prism                Conjuration/Hexes            4
   b - Iskenderun's Mystic Blast      Conjuration                  4
   c - Venom Bolt                     Conjuration/Poison           5
   d - Bolt of Magma                  Conjuration/Fire/Earth       5
   e - Iron Shot                      Conjuration/Earth            6
   f - Orb of Destruction             Conjuration                  7
   g - Spellforged Servitor           Conjuration/Summoning        7
 X - a book of Cantrips

   Spells                             Type                      Level
   a - Confusing Touch                Hexes                        1
   b - Animate Skeleton               Necromancy                   1
   c - Summon Small Mammal            Summoning                    1
   d - Apportation                    Translocation                1
Comestibles
 j - 12 meat rations
 o - 9 royal jellies


   Skills:
 + Level 12.3 Fighting
 + Level 11.0 Dodging
 + Level 14.5 Stealth
 + Level 14.0 Unarmed Combat
 + Level 12.2 Spellcasting
 * Level 6.7 Conjurations
 + Level 16.4 Hexes
 * Level 8.6 Summonings
 * Level 10.8 Ice Magic
 + Level 2.1 Evocations


You had 15 spell levels left.
You knew the following spells:

 Your Spells              Type           Power        Failure   Level  Hunger
a - Corona                Hex            ######.      0%          1    None
b - Confuse               Hex            ######..     1%          3    None
c - Ensorcelled Hibernat  Hex/Ice        ######       1%          2    None
d - Confusing Touch       Hex            ######       0%          1    None
e - Summon Small Mammal   Summ           ####         1%          1    None
f - Throw Frost           Conj/Ice       #####.       1%          2    None
g - Summon Ice Beast      Ice/Summ       #####...     1%          4    ##.....
h - Throw Icicle          Conj/Ice       #####...     1%          4    ##.....
i - Summon Mana Viper     Hex/Summ       #####...     1%          5    #####..


Dungeon Overview and Level Annotations

Branches:
Dungeon (15/15)            Temple (0/1) D:6            Lair (6/6) D:8
 Shoals (0/4) Lair:4       Spider (1/4) Lair:2        Slime (0/5) Lair:5
    Orc (2/2) D:11            Elf (3/3) Orc:2        Depths (0/5) D:15
 Vaults: D:13-14

Altars:
Ashenzari
Dithmenos
Elyvilon
Fedhas
Gozag
Qazlal
Ru
Sif Muna
Xom
Beogh

Shops:
D:10 :(*   D:13 *   Orc:1 (   Orc:2 (}%*   Elf:2 [   Elf:3 %

Portals:
Pandemonium: Orc:2

Annotations:
Spider:1 exclusion: Roxanne, Roxanne
Elf:2 2 runed doors


Innate Abilities, Weirdness & Mutations

You cannot wear armour.
You are incapable of wielding weapons or throwing items.
Your paws allow you to move quietly. (Stealth)
You have sharp claws.
You have razor-sharp teeth.
You have supernaturally acute eyesight. (SInv)
You are carnivorous and can eat meat at any time.
You cover ground quickly.
Your thick and shaggy fur keeps you warm. (AC +3, rC+)
You have a slow metabolism.
Your sharp claws are effective at attacking unaware monsters.


Message History

The arrow hits you!!
The deep elf master archer shoots an arrow.
The arrow misses you.
You see here an arrow.
Casting: Confusing Touch
Confirm with . or Enter, or press ? or * to list all spells.
Your paws begin to glow red.
The deep elf master archer shoots an arrow.
The arrow hits you!!!
Ouch! That really hurt!
* * * LOW HITPOINT WARNING * * *
You see here an arrow.
You feel much better.
The deep elf master archer shoots an arrow.
The arrow hits you!!!
Ouch! That really hurt!
* * * LOW HITPOINT WARNING * * *
The deep elf master archer shoots an arrow.
The arrow hits you!
You die...

..........((.(.(.####eE.########.
..............§§..<.[.........#..
..............§).....(...........
.............§(..§§..........(...
...............[#####...######...
................# ###)(.# ##..
######.##.....#.###.#...# #..
#.........e##......## ####..
#######.###@........###.....
##########.###...#####..##.##..
###..........##..(## ##.##.##..
....########......# #.##.####
##### #.##..## ##.#.#### #.###.#
#....... #.# #.# ##....... #[#
##. #.#.#.##. #^## #.##
##.#.#.##.


You could see a deep elf master archer.

Vanquished Creatures
  Gastronok (Lair:2)
  Kirke (D:11)
  A frost giant (IceCv)
  2 orc warlords
  2 dire elephants
  An ettin (D:11)
  Snorg (D:13)
  A minotaur (Lab)
  8 hydras
  An anaconda (Lair:2)
  A catoblepas (D:14)
  5 centaur warriors
  Erica (D:10)
  2 death knights
  4 ogre magi
  4 dancing weapons
  4 death yaks
  Urug (Lair:3)
  The ghost of execc the Carver, a journeyman VSFi of Makhleb (Lair:1)
  A tengu warrior (D:13)
  3 orc high priests (Orc:2)
  4 deep elf knights
  3 unseen horrors
  9 hill giants
  A lindwurm (Lair:6)
  A wizard (D:15)
  5 orc knights
  7 deep elf archers
  2 orb spiders (Spider:1)
  10 ugly things
  3 wolf spiders
  4 orc sorcerers
  35 deep elf magi
  2 cyclopes
  2 manticores
  Maurice (Orc:1)
  18 elephants
  Joseph (D:8)
  5 centaur zombies
  A gargoyle (D:14)
  2 naga magi (D:15)
  10 black mambas
  3 orange demons (D:14)
  26 spiny frogs
  A torpor snail (Lair:6)
  6 rime drakes
  An ice statue (IceCv)
  7 komodo dragons
  2 hellwings (Orc:2)
  A tengu conjurer (D:13)
  20 polar bears
  10 two-headed ogres
  3 trolls
  2 tyrant leeches (Lair:6)
  A queen bee (Lair:1)
  4 jumping spiders
  A polar bear (shapeshifter) (Elf:2)
  2 hornets
  30 blink frogs
  9 slime creatures
  A snapping turtle (Lair:4)
  17 dream sheep
  36 hippogriffs
  The ghost of Paps the Covered, an amateur GrFi (Sewer)
  An air elemental (Elf:2)
  A spriggan (D:8)
  3 tarantellas (Lair:2)
  6 redbacks
  A shadow (D:14)
  93 yaks
  10 wyverns
  4 wraiths
  Sigmund (D:2)
  2 hogs
  12 basilisks
  4 hungry ghosts
  5 vampire mosquitoes
  A swamp worm (Lair:6)
  A basilisk (shapeshifter) (Elf:1)
  5 wargs
  2 mottled dragons (D:13)
  2 soldier ants (D:13)
  A warg (shapeshifter) (Elf:1)
  Edmund (D:6)
  Duvessa (D:6)
  A hell hound (Lair:5)
  13 porcupines
  21 water moccasins
  12 ice beasts
  37 orc warriors
  4 sky beasts
  A black bear (Lair:3)
  3 eyes of draining
  25 ogres
  9 phantoms
  3 necrophages
  19 centaurs
  24 wolves
  16 crocodiles
  2 big kobolds
  30 bullfrogs
  2 earth elementals (Lab)
  Dowan (D:6)
  10 scorpions
  27 killer bees
  17 wights
  A howler monkey (D:12)
  2 electric eels
  3 bullfrog zombies
  13 crimson imps
  2 quasits
  35 orc priests
  6 hounds
  Crazy Yiuf (D:6)
  6 centaur skeletons
  6 jellies
  An iguana (D:13)
  Jessica (D:2)
  Natasha (thrice) (D:3)
  4 bullfrog skeletons
  24 orc wizards
  Ijyb (D:2)
  15 worker ants
  5 hell rats
  2 hound skeletons
  2 howler monkey skeletons
  24 adders
  14 gnolls
  5 river rats
  4 shadow imps
  An ooze (Sewer)
  An adder skeleton (D:4)
  An adder zombie (D:9)
  2 dart slugs
  15 leopard geckos
  114 orcs
  12 ball pythons
  14 bats
  9 giant cockroaches
  8 goblins
  11 hobgoblins
  9 jackals
  36 kobolds
  8 quokkas
  7 frilled lizards
  A jackal skeleton (D:4)
  3 leopard gecko skeletons
  41 rats
  A bush (Lair:1)
  9 fungi
  9 plants
1282 creatures vanquished.

Vanquished Creatures (collateral kills)
  Mara (Elf:3)
  A deep elf annihilator (Elf:3)
  A yaktaur captain (D:11)
  A deep elf high priest (Elf:2)
  A hydra (Lair:5)
  11 dancing weapons
  2 death yaks
  4 orc high priests (Orc:2)
  5 deep elf knights
  A sun demon (Orc:2)
  A torturous demonspawn (Orc:2)
  A gelid demonspawn (Orc:2)
  An orc knight (Orc:2)
  6 deep elf archers
  17 deep elf magi
  2 orc sorcerers (Orc:2)
  A wolf spider (Lair:2)
  A manticore (D:14)
  3 elephants
  A smoke demon (Orc:2)
  An orange demon (D:13)
  A komodo dragon (Lair:2)
  A demonic crawler (Lair:2)
  A hellwing (Orc:2)
  2 red devils (Orc:2)
  A slime creature (Lair:5)
  5 dream sheep (Lair:3)
  4 yaks (Lair:5)
  4 fire elementals
  6 orc warriors (Orc:2)
  2 ogres (Orc:2)
  An orc priest (Orc:2)
  2 orcs (Orc:2)
  2 kobolds (Bailey)
95 creatures vanquished.

Vanquished Creatures (others)
  2 yaks (IceCv)
  A human (D:13)
  A wolf (IceCv)
  An orc (Orc:1)
  44 fungi
  34 plants
83 creatures vanquished.

Grand Total: 1460 creatures vanquished

Notes
Turn   | Place    | Note
-------+----------+-------------------------------------------
     0 | D:1      | equalderp2856 the Felid Fighter began the quest for the Orb.
     0 | D:1      | Reached XP level 1. HP: 10/10 MP: 2/2
   113 | D:1      | Reached XP level 2. HP: 14/14 MP: 3/3
   361 | D:1      | Reached skill level 1 in Stealth
   780 | D:1      | Reached XP level 3. HP: 8/17 MP: 4/4
  2200 | D:2      | Noticed Ijyb
  2201 | D:2      | Noticed Sigmund
  2445 | D:2      | Reached XP level 4. HP: 16/21 MP: 5/5
  2493 | D:3      | Reached skill level 5 in Unarmed Combat
  2509 | D:3      | Found a deep blue altar of Sif Muna.
  3168 | D:4      | Reached skill level 5 in Dodging
  3168 | D:4      | Reached XP level 5. HP: 24/24 MP: 6/6
  3700 | D:4      | Gained mutation: You are covered in thick fur. (AC +2) [Felid growth]
  3700 | D:4      | Reached XP level 6. HP: 16/28 MP: 7/7
  3823 | D:3      | Noticed Natasha
  3826 | D:3      | Killed Natasha
  3842 | D:3      | Noticed a fire elemental
  3844 | D:3      | Found a stormy altar of Qazlal.
  3846 | D:3      | Noticed a water elemental
  3846 | D:3      | Noticed an air elemental
  3924 | D:3      | Noticed Natasha
  3931 | D:3      | Killed Natasha
  4133 | D:3      | Noticed Natasha
  4147 | D:3      | Killed Natasha
  6258 | D:4      | Reached XP level 7. HP: 28/31 MP: 8/8
  6789 | D:4      | Found a blossoming altar of Fedhas.
  7573 | D:4      | Reached skill level 5 in Stealth
  7925 | D:5      | Entered Level 5 of the Dungeon
  7937 | D:5      | Got a translucent ruby amulet
  7964 | D:4      | Identified the amulet of the Everdark {Faith MR+ Slay+4} (You found it on level 5 of the Dungeon)
  8587 | D:5      | Found a shattered altar of Ashenzari.
  8587 | D:5      | Found a sacrificial altar of Ru.
  8589 | D:5      | Found a white marble altar of Elyvilon.
  8623 | D:5      | Reached XP level 8. HP: 33/35 MP: 9/9
 11259 | D:6      | Found a staircase to the Ecumenical Temple.
 11322 | D:6      | Noticed Edmund
 11353 | D:6      | Found an opulent altar of Gozag.
 11379 | D:6      | Noticed Duvessa
 11403 | D:6      | Found a glowing drain.
 11429 | Sewer    | Entered a sewer
 11502 | Sewer    | Learned a level 1 spell: Corona
 11506 | Sewer    | Learned a level 3 spell: Confuse
 11509 | Sewer    | Learned a level 2 spell: Ensorcelled Hibernation
 11918 | Sewer    | Noticed Paps's ghost (amateur GrFi)
 12037 | Sewer    | Killed Paps's ghost
 12274 | Sewer    | Reached skill level 1 in Evocations
 12725 | D:6      | Noticed Dowan
 12771 | D:7      | Reached XP level 9. HP: 39/39 MP: 10/10
 12864 | D:7      | Reached skill level 10 in Unarmed Combat
 12994 | D:6      | Found a runed door.
 13002 | D:6      | Noticed Crazy Yiuf
 13006 | D:6      | Killed Crazy Yiuf
 13051 | D:6      | Found a shimmering altar of Xom.
 13053 | D:6      | Found a stormy altar of Qazlal.
 13053 | D:6      | Found a hazy altar of Hepliaklqana.
 13055 | D:6      | Found a hazy altar of Hepliaklqana.
 13055 | D:6      | Found a hazy altar of Hepliaklqana.
 13055 | D:6      | Found a hide-covered altar of Uskayaw.
 13360 | D:2      | Killed Sigmund
 13472 | D:2      | Killed Ijyb
 13474 | D:2      | Noticed Jessica
 13476 | D:2      | Killed Jessica
 13991 | D:6      | Killed Edmund
 14110 | D:6      | Killed Duvessa
 14116 | D:6      | Killed Dowan
 16247 | D:8      | Reached skill level 1 in Hexes
 16365 | D:8      | Noticed Joseph
 16369 | D:8      | Reached skill level 1 in Ice Magic
 16369 | D:8      | Reached XP level 10. HP: 42/42 MP: 12/12
 16679 | D:8      | Reached skill level 1 in Spellcasting
 16679 | D:8      | Reached skill level 2 in Hexes
 16810 | D:9      | Found a shadowy altar of Dithmenos.
 17590 | D:9      | Reached skill level 3 in Hexes
 18565 | D:8      | Reached skill level 4 in Hexes
 18613 | D:8      | Found a white marble altar of Elyvilon.
 19344 | D:8      | Reached skill level 5 in Hexes
 19596 | D:8      | Found a staircase to the Lair.
 20286 | D:8      | Killed Joseph
 21155 | D:8      | Reached skill level 6 in Hexes
 21805 | D:10     | Entered Level 10 of the Dungeon
 22038 | D:10     | Found Borik's Weapon Shop.
 22325 | D:10     | Noticed Erica
 22328 | D:10     | Killed Erica
 22328 | D:10     | Reached skill level 7 in Hexes
 22414 | D:10     | Reached XP level 11. HP: 39/46 MP: 19/19
 22518 | D:10     | Learned a level 1 spell: Confusing Touch
 22565 | D:10     | Reached skill level 5 in Ice Magic
 22692 | D:10     | Learned a level 1 spell: Summon Small Mammal
 22846 | D:10     | Noticed a hill giant
 23127 | D:10     | Killed a hill giant
 23127 | D:10     | Reached skill level 5 in Spellcasting
 23202 | D:10     | Found Leegg's General Store.
 23480 | D:10     | Found Goluel's Book Shop.
 23516 | D:10     | Reached skill level 8 in Hexes
 24273 | D:11     | Noticed a hill giant
 24301 | D:11     | Killed a hill giant
 25295 | D:11     | Noticed a death knight
 25521 | D:11     | Reached skill level 9 in Hexes
 25794 | D:11     | Noticed a hill giant
 25805 | D:11     | Killed a hill giant
 25848 | D:11     | Found a staircase to the Orcish Mines.
 25849 | D:11     | Noticed a white ugly thing
 26045 | D:11     | Killed a white ugly thing
 27085 | D:11     | Reached skill level 10 in Hexes
 27827 | D:11     | Noticed a hill giant
 27898 | D:11     | Killed a hill giant
 28535 | D:12     | Found a flagged portal.
 28562 | Bailey   | Entered a bailey
 28590 | Bailey   | Noticed an orc warlord
 28849 | Bailey   | Noticed an orc knight
 28904 | Bailey   | Killed an orc knight
 29115 | Bailey   | Found a runed gate.
 29115 | Bailey   | Found a runed gate.
 29354 | Bailey   | Noticed an orc knight
 29418 | Bailey   | Killed an orc knight
 29447 | Bailey   | Found a runed gate.
 29770 | Bailey   | Killed an orc warlord
 29770 | Bailey   | Reached skill level 11 in Hexes
 29770 | Bailey   | Gained mutation: Your thick and shaggy fur keeps you warm. (AC +3, rC+) [Felid growth]
 29770 | Bailey   | Reached XP level 12. HP: 49/49 MP: 8/23
 32501 | D:13     | Found a frozen archway.
 32501 | D:13     | Noticed a centaur warrior
 32521 | D:13     | Killed a centaur warrior
 32581 | D:13     | Noticed Kirke
 32683 | D:13     | Reached skill level 12 in Hexes
 32713 | IceCv    | Entered an ice cave
 34624 | IceCv    | Reached skill level 13 in Hexes
 35022 | IceCv    | Noticed a frost giant
 35926 | IceCv    | Killed a frost giant
 35926 | IceCv    | Reached XP level 13. HP: 37/52 MP: 21/26
 36925 | D:13     | Found Feqo's Assorted Antiques.
 37015 | D:13     | Noticed Snorg
 37040 | D:13     | Killed Snorg
 37040 | D:13     | Reached skill level 10 in Stealth
 37388 | D:13     | Noticed a sphinx
 37743 | D:13     | Noticed a sphinx
 39280 | D:10     | Bought a book of Frost for 420 gold pieces
 39293 | D:10     | Learned a level 2 spell: Throw Frost
 39298 | D:10     | Learned a level 4 spell: Summon Ice Beast
 41697 | D:12     | Noticed a sphinx
 41708 | D:11     | Killed Kirke
 41708 | D:11     | Reached skill level 14 in Hexes
 43440 | D:14     | Reached skill level 10 in Dodging
 43440 | D:14     | Reached skill level 10 in Spellcasting
 44525 | Lair:1   | Entered Level 1 of the Lair of Beasts
 45169 | Lair:2   | Found a hole to the Spider Nest.
 45355 | Lair:2   | Reached skill level 1 in Conjurations
 45426 | Lair:2   | Noticed Gastronok
 45445 | Lair:2   | Killed Gastronok
 45445 | Lair:2   | Reached XP level 14. HP: 57/57 MP: 29/29
 45886 | Lair:1   | Noticed execc's ghost (journeyman VSFi)
 49729 | Lair:1   | Killed execc's ghost
 50376 | Lair:1   | Reached skill level 1 in Summonings
 50525 | Lair:1   | Learned a level 4 spell: Throw Icicle
 52959 | Lair:3   | Noticed Urug
 52965 | Lair:3   | Killed Urug
 52993 | Lair:3   | Reached skill level 15 in Hexes
 54474 | Lair:5   | Found a labyrinth entrance.
 54486 | Lab      | Entered a labyrinth
 57106 | Lab      | Got a transparent robe
 58976 | Lair:4   | Found a staircase to the Shoals.
 60759 | Lair:5   | Reached XP level 15. HP: 54/60 MP: 17/30
 62280 | Lair:4   | Learned a level 5 spell: Summon Mana Viper
 63164 | Lair:6   | Entered Level 6 of the Lair of Beasts
 64181 | Lair:5   | Found a staircase to the Slime Pits.
 64600 | Lair:5   | Reached skill level 5 in Summonings
 68808 | Lair:6   | Reached skill level 5 in Conjurations
 71651 | Lair:6   | Reached skill level 10 in Ice Magic
 71704 | Lair:6   | Got a scorched glass ring
 71709 | Lair:6   | Identified the ring "Zinuz" {+Fly rPois Str+2 Slay+6} (You found it on level 6 of the Lair of Beasts)
 72180 | Lair:6   | Mangled by a dream sheep
 72181 | Lair:6   | Reached XP level 14. HP: -8/57 MP: 30/30
 77300 | Lair:4   | HP: 1/57 [wolf spider (2)]
 78754 | Lair:3   | Reached XP level 15. HP: 47/61 MP: 31/31
 80769 | D:14     | Reached skill level 5 in Fighting
 83591 | D:15     | Entered Level 15 of the Dungeon
 86531 | D:15     | Reached skill level 10 in Fighting
 86701 | D:15     | Paralysed by a hornet for 2 turns
 87823 | D:15     | Found a staircase to the Depths.
 88088 | Orc:1    | Entered Level 1 of the Orcish Mines
 88088 | Orc:1    | Noticed Maurice
 88099 | Orc:1    | Killed Maurice
 89591 | Orc:1    | Found Kesob's Weapon Shoppe.
 90307 | Orc:2    | Entered Level 2 of the Orcish Mines
 90398 | Orc:2    | Found a roughly hewn altar of Beogh.
 90690 | Orc:2    | Found a staircase to the Elven Halls.
 90803 | Orc:2    | Noticed an orc warlord
 91104 | Orc:2    | Killed an orc warlord
 91394 | Orc:2    | Found Min Meidil's General Store.
 91675 | Orc:2    | Found Agi Dae's Food Shop.
 93255 | Orc:2    | Reached XP level 16. HP: 76/76 MP: 7/32
 96481 | Orc:2    | Found Rizuot Tinn's Antique Weapon Emporium.
 96481 | Orc:2    | Found Yfooc's Gadget Shoppe.
 96482 | Orc:2    | Found a one-way gate leading to the halls of Pandemonium.
 96824 | Orc:1    | You fall through a shaft!
 98026 | Spider:1 | Entered Level 1 of the Spider Nest
 98849 | Spider:1 | Noticed Roxanne
101229 | Lair:2   | Reached skill level 16 in Hexes
101986 | Elf:1    | Entered Level 1 of the Elven Halls
111158 | Elf:2    | Found a runed door.
111190 | Elf:2    | Found a runed door.
111444 | Elf:2    | Found Jogimit's Antique Armour Shoppe.
112832 | Elf:3    | Entered Level 3 of the Elven Halls
112844 | Elf:3    | Noticed Mara
114353 | Elf:2    | HP: 1/76 [deep elf mage/bolt of magma (44)]
114837 | Elf:3    | Killed Mara
114837 | Elf:3    | Reached XP level 17. HP: 78/80 MP: 0/34
115207 | Elf:3    | Noticed a deep elf blademaster
115212 | Elf:3    | Found Eshuwath's Food Boutique.
115335 | Elf:3    | Noticed a deep elf master archer
115641 | Elf:3    | Shot with an arrow by a deep elf master archer
115642 | Elf:3    | Reached XP level 16. HP: -1/76 MP: 33/33
115653 | Elf:3    | Shot with an arrow by a deep elf master archer
115654 | Elf:3    | Reached XP level 15. HP: -3/73 MP: 32/32
115671 | Elf:3    | Shot with an arrow by a deep elf master archer

Skill      XL: |  1  2  3  4  5  6  7  8  9 10 11 12 13 14 15 16 |
---------------+-------------------------------------------------+-----
Stealth        | 1 2 3 4 5 6 8 9 11 13 14 | 14.5
Unarmed Combat | 5 6 8 9 11 12 13 14 | 14.0
Dodging        | 5 6 8 9 10 11 | 11.0
Evocations     | 1 2 |  2.1
Fighting       | 4 11 12 | 12.3
Hexes          | 1 7 11 13 14 15 16 | 16.4
Ice Magic      | 1 4 7 8 9 10 | 10.8
Spellcasting   | 4 7 8 10 11 12 | 12.2
Conjurations   | 1 3 5 6 |  6.7
Summonings     | 4 6 8 |  8.6

Action                   |  1- 3 |  4- 6 |  7- 9 | 10-12 | 13-15 | 16-18 || total
-------------------------+-------+-------+-------+-------+-------+-------++-------
Melee: Unarmed           |    99 |   176 |   430 |   853 |  2366 |   377 ||  4301
       Bite              |     6 |    13 |    38 |   110 |   319 |    57 ||   543
       Punch             |     2 |     1 |    15 |    44 |   194 |    22 ||   278
 Cast: Ensorcelled Hiber |       |       |       |    57 |   301 |    47 ||   405
       Confuse           |       |       |       |    57 |   140 |    29 ||   226
       Corona            |       |       |       |    20 |    60 |    33 ||   113
       Summon Small Mamm |       |       |       |    28 |     8 |     1 ||    37
       Confusing Touch   |       |       |       |    82 |   292 |    90 ||   464
       Throw Frost       |       |       |       |       |    35 |       ||    35
       Throw Icicle      |       |       |       |       |    46 |    45 ||    91
       Summon Mana Viper |       |       |       |       |    45 |   164 ||   209
       Summon Ice Beast  |       |       |       |       |    50 |   113 ||   163
Evoke: Wand              |       |       |    13 |     1 |     2 |       ||    16
  Use: Potion            |     1 |     1 |       |     1 |    16 |     7 ||    26
       Scroll            |       |     7 |     8 |     5 |    15 |     5 ||    40
 Stab: Sleeping          |     3 |     5 |    18 |    23 |   125 |    20 ||   194
       Distracted        |       |     1 |     5 |     7 |    14 |     4 ||    31
       Confused          |       |       |       |    62 |   197 |    36 ||   295
  Eat: Chunk             |    10 |     7 |    13 |    43 |   134 |    79 ||   286
       Pizza             |       |       |       |     2 |     2 |       ||     4
       Beef jerky        |       |       |       |     1 |     1 |     4 ||     6
       Royal jelly       |       |       |       |       |     1 |     6 ||     7
Armor: Skin              |     9 |    12 |    15 |    26 |    64 |    11 ||   137
Dodge: Dodged            |    99 |   136 |   344 |   627 |  1712 |   276 ||  3194
Block: Other             |       |       |       |       |       |     8 ||     8
       Reflection        |       |       |       |       |       |     4 ||     4
